 Dungeon Crawl Stone Soup version 0.23-a0-419-g0174fd8 (console) character file.

207 bli the Insei (level 5, -1/34 HPs)
             Began as an Octopode Transmuter on Nov 11, 2018.
             Slain by a goblin
             ... wielding a +0 dagger
             ... led by Robin
              (4 damage)
             ... on level 4 of the Dungeon.
             The game lasted 00:10:25 (2363 turns).

bli the Insei (Octopode Transmuter)                 Turns: 2363, Time: 00:10:25

Health: -1/34      AC:  1    Str:  9    XL:     5   Next: 85%
Magic:  8/8        EV: 13    Int: 16    God:
Gold:   189        SH:  3    Dex: 13    Spells: 5/8 levels left

rFire    . . .     SeeInvis .   q - +2 spear (venom)
rCold    . . .     Gourm    .   A - +0 buckler
rNeg     + . .     Faith    .   (helmet restricted)
rPois    .         Spirit   .   m - amulet of inaccuracy (curse)
rElec    .         Reflect  .   w - ring of positive energy
rCorr    .         Harm     .   (no ring)
MR       .....                  (no ring)
Stlth    ++........             (no ring)
HPRegen  0.11/turn              (no ring)
MPRegen  0.11/turn              (no ring)
                                (no ring)
                                (no ring)

@: no status effects
A: almost no armour, stealthy swim, amphibious, 8 rings, constrict 8, camouflage
1, gelatinous body 1
a: no special abilities


You were on level 4 of the Dungeon.
You were not hungry.

You visited 1 branch of the dungeon, and saw 4 of its levels.

You collected 189 gold pieces.

Inventory:

Hand Weapons
 q - a +2 spear of venom (weapon)
 r - a +0 hunting sling
Missiles
 a - 74 arrows
 b - 116 stones (quivered)
 u - 5 tomahawks
 y - 16 poisoned needles
Armour
 A - a +0 buckler (worn)
Jewellery
 m - a cursed amulet of inaccuracy (around mantle)
 w - a ring of positive energy (left tentacle)
Scrolls
 d - a scroll of blinking {unknown}
 g - 2 scrolls of teleportation
 h - a scroll of enchant weapon {unknown}
 k - 2 scrolls of remove curse {unknown}
 l - 2 scrolls of fog
 n - a scroll of noise {unknown}
 o - a scroll of fear {unknown}
 p - a scroll of magic mapping
 s - a scroll of amnesia {unknown}
 v - 2 scrolls of immolation {unknown}
Potions
 e - a potion of flight {unknown}
 i - 3 potions of agility {unknown}
 j - 2 potions of mutation {unknown}
 t - 2 potions of curing {unknown}
 x - a potion of might {unknown}
Comestibles
 c - 11 rations
 z - 9 chunks of flesh


   Skills:
 * Level 2.3 Fighting
 * Level 2.3 Dodging
 + Level 5.8 Unarmed Combat
 - Level 2.0 Spellcasting
 - Level 2.0 Transmutations


You had 5 spell levels left.
You knew the following spells:

 Your Spells              Type           Power        Failure   Level  Hunger
a - Beastly Appendage     Tmut           #.....       16%         1    #......
b - Sticks to Snakes      Tmut           #.......     22%         2    ###....

Your spell library contained the following spells:

 Spells                   Type           Power        Failure   Level  Hunger
 Spider Form              Tmut/Pois      #.........   56%         3    ###....
 Ice Form                 Ice/Tmut       #.......     92%         4    #####..
 Blade Hands              Tmut           #.........   99%         5    ######.


Dungeon Overview and Level Annotations

Branches:
Dungeon (4/15)
 Temple: D:4-7

Altars:
Okawaru

Annotations:
D:4 Robin


Innate Abilities, Weirdness & Mutations

You cannot wear most types of armour.
You are very stealthy in the water. (Stealth+)
You are amphibious.
You can wear up to eight rings at the same time.
You can use your tentacles to constrict eight enemies at once.
Your skin changes colour to match your surroundings (Stealth+).
Your rubbery body absorbs attacks. (AC +1, EV +1)


Message History

The goblin hits you with a +0 club.
The hobgoblin struggles to escape constriction.
Attack whom?
Press: ? - help, Dir - move target cursor, f - Robin
Aim: Robin, wielding a +0 dagger, wearing a +0 animal skin and wearing a +2 You reach to attack!
You barely miss Robin. You constrict the hobgoblin.
You kill the hobgoblin!
The goblin misses you.
You barely miss Robin.
The goblin shouts!
You grab Robin. You constrict Robin.
You hear a shout!
Robin barely misses you. The goblin misses you. The goblin hits you with a +0
* * * LOW HITPOINT WARNING * * *
A goblin comes into view. It is wielding a +0 club.
Robin closely misses you.
You hit the goblin but do no damage. Your grab misses the goblin. You constrict
* * * LOW HITPOINT WARNING * * *
The goblin hits you with a +0 dagger.
You die...

#..........#.
##...........
#......##...g
##...........
#.......g..
#g...g......
####.†..g......
#...g..........
##.#.....g........
#.......g###.###..
##...#..g@.###
#...#..g...# .
#.<##...#..# ##.(
#..##...###.# .((..
##......##..##.....
.....#..##........
...###......(....
### ##..)#......
#.)).....(.. ....
##..##.......
....##
#..÷###...(.. .....


You could see Robin and 4 goblins.

Vanquished Creatures
  An ogre (D:4)
  An orc priest (D:3)
  A worker ant (D:4)
  2 gnolls (D:3)
  2 adders
  A leopard gecko (D:4)
  7 orcs
  5 bats
  2 giant cockroaches
  6 goblins
  4 hobgoblins
  3 kobolds
  2 quokkas
  A frilled lizard (D:2)
  3 rats
41 creatures vanquished.

Vanquished Creatures (collateral kills)
  2 gnolls (D:3)
  2 orcs
  A hobgoblin (D:3)
  A frilled lizard (D:4)
6 creatures vanquished.

Grand Total: 47 creatures vanquished

Notes
Turn   | Place    | Note
-------+----------+-------------------------------------------
     0 | D:1      | bli the Octopode Transmuter began the quest for the Orb.
     0 | D:1      | Reached XP level 1. HP: 13/13 MP: 3/3
   440 | D:1      | Reached XP level 2. HP: 13/18 MP: 3/5
  1125 | D:3      | Reached skill level 4 in Unarmed Combat
  1125 | D:3      | Reached XP level 3. HP: 10/23 MP: 4/6
  1222 | D:3      | Learned a level 2 spell: Sticks to Snakes
  1311 | D:3      | Reached XP level 4. HP: 21/28 MP: 1/7
  1586 | D:3      | Reached skill level 5 in Unarmed Combat
  1608 | D:3      | Found an iron altar of Okawaru.
  2093 | D:4      | Noticed an ogre
  2121 | D:4      | Killed an ogre
  2121 | D:4      | Reached XP level 5. HP: 17/34 MP: 0/8
  2342 | D:4      | Noticed Robin
  2363 | D:4      | Slain by a goblin

Vault maps used:
D:1:      lemuel_arrival_hallway
D:3:      okawaru_altar_gauntlet_db
D:4:      uniq_robin

Skill      XL: |  1  2  3  4 |
---------------+-------------+-----
Unarmed Combat | 4 5 |  5.8
Fighting       | 2 |  2.3
Dodging        | |  2.3
Spellcasting   | |  2.0
Transmutations | |  2.0

Action                   |  1- 3 |  4- 6 || total
-------------------------+-------+-------++-------
Melee: Unarmed           |    21 |       ||    21
       Constrict         |     9 |    13 ||    22
       Tentacles         |     6 |     9 ||    15
       Kick              |     6 |     3 ||     9
       Spear             |    21 |    50 ||    71
       Punch             |       |     1 ||     1
Throw: Stone             |    18 |    23 ||    41
 Cast: Beastly Appendage |    10 |     3 ||    13
       Sticks to Snakes  |     2 |    12 ||    14
  Use: Scroll            |     1 |     2 ||     3
 Stab: Sleeping          |     5 |       ||     5
  Eat: Chunk             |     1 |     5 ||     6
Armor: Skin              |     3 |     3 ||     6
Dodge: Dodged            |     8 |    31 ||    39
Block: Buckler           |       |     1 ||     1

Table legend:
 A = Non-vault XP
 B = Vault XP
 C = Vault XP percentage of total XP
 D = Non-vault monster count
 E = Vault monster count
 F = Vault count percentage of total count
                 A         B        C        D         E       F
            +---------+---------+-------+---------+---------+-------
      Total |     244 |      53 |  17.8 |      34 |      13 |  27.7
            +---------+---------+-------+---------+---------+-------
        D:1 |      13 |       0 |   0.0 |       8 |       0 |   0.0
        D:2 |       9 |       0 |   0.0 |       6 |       0 |   0.0
        D:3 |      63 |      40 |  38.8 |       9 |       6 |  40.0
        D:4 |     159 |      13 |   7.6 |      11 |       7 |  38.9
            +---------+---------+-------+---------+---------+-------
